 Dungeon Crawl Stone Soup version 0.22-a0-617-g6d95e9e (webtiles) character file.

71 iamserjio the Chopper (level 4, 0/42 HPs)
             Began as a Naga Berserker on July 12, 2018.
             Was a Follower of Trog.
             Slain by a gnoll
             ... wielding a +0 spear
              (5 damage)
             ... on level 4 of the Dungeon.
             The game lasted 00:02:53 (450 turns).

iamserjio the Chopper (Naga Berserker)               Turns: 450, Time: 00:02:54

Health: 0/42       AC:  6    Str: 19    XL:     4   Next: 24%
Magic:  4/4        EV:  5    Int:  9    God:    Trog [*.....]
Gold:   43         SH:  0    Dex: 10    Spells: 3/3 levels left

rFire    . . .     SeeInvis +   a - +0 hand axe
rCold    . . .     Gourm    .   (no shield)
rNeg     . . .     Faith    .   i - +0 chain mail
rPois    +         Spirit   .   (no helmet)
rElec    .         Reflect  .   (no cloak)
rCorr    .         Harm     .   (no gloves)
MR       .....                  (no barding)
Stlth    ..........             (no amulet)
HPRegen  0.14/turn              (no ring)
MPRegen  0.09/turn              (no ring)

@: short of breath, berserk cooldown, slowed, very slow
A: large, see invisible, deformed body, poison resistance, slowness 2, slow
metabolism 1, spit poison 1, AC +1
a: Spit Poison, Berserk, Renounce Religion


You were on level 4 of the Dungeon.
You worshipped Trog.
Trog was aware of your devotion.
You were not hungry.

You visited 1 branch of the dungeon, and saw 4 of its levels.

You collected 43 gold pieces.

Inventory:

Hand Weapons
 a - a +0 hand axe (weapon)
 h - a +0 hunting sling
Armour
 b - a +0 animal skin
 i - a +0 chain mail (worn)
Scrolls
 e - 3 scrolls of random uselessness {unknown}
 f - a scroll of blinking {unknown}
 g - a scroll of remove curse {unknown}
 j - a scroll of enchant armour {unknown}
Comestibles
 c - 2 rations
 d - 2 chunks of flesh


   Skills:
 + Level 3.4 Fighting
 * Level 3.9 Axes
 + Level 2.1 Armour
 - Level 1.5 Dodging
 + Level 2.4 Stealth


You had 3 spell levels left.
You didn't know any spells.
Your spell library was empty.

Dungeon Overview and Level Annotations

Branches:
Dungeon (4/15)
 Temple: D:4-7

Altars:


Innate Abilities, Weirdness & Mutations

You cannot wear boots.
Your serpentine skin is tough. (AC +1)
You have supernaturally acute eyesight. (SInv)
Armour fits poorly on your strangely shaped body.
Your system is resistant to poisons. (rPois)
You cover ground very slowly.
You have a slow metabolism.
You can spit poison.


Message History

Press: ? - help, Shift-Dir - straight line, f/p - gnoll
Aim: a gnoll (lightly wounded)
The splash of poison misses the gnoll.
The splash of poison hits the gnoll.
The gnoll is poisoned.
The gnoll is moderately wounded.
You feel slightly more hungry. The gnoll hits you but does no damage.
The gnoll hits you from afar with a spear.
You hit the gnoll.
The gnoll is lightly wounded.
The gnoll hits you. The gnoll completely misses you. The gnoll hits you.
The gnoll hits you from afar with a spear.
* * * LOW HITPOINT WARNING * * *
You slash the gnoll!
The gnoll is severely wounded.
The gnoll hits you but does no damage.
The gnoll hits you from afar with a spear.
* * * LOW HITPOINT WARNING * * *
The gnoll barely misses you.
The gnoll hits you from afar with a spear.
You die...

h# .### 5..#
.#.# ##.#%#
#<.#.#
#.##.#
#..##.##.#
#....gg@.#
....###.####
## #.# #.#
#.# #.# #.#
#.


You could see 2 gnolls.

Vanquished Creatures
  Natasha (D:4)
  An adder (D:2)
  2 gnolls (D:4)
  3 leopard geckos
  2 goblins
  3 hobgoblins
  3 frilled lizards (D:2)
  3 rats (D:2)
18 creatures vanquished.

Notes
Turn   | Place    | Note
-------+----------+-------------------------------------------
     0 | D:1      | iamserjio the Naga Berserker began the quest for the Orb.
     0 | D:1      | Reached XP level 1. HP: 21/21 MP: 1/1
     2 | D:1      | Noticed a naga
     2 | D:1      | Noticed a gargoyle
     4 | D:1      | Noticed a tengu
     4 | D:1      | Noticed an ogre
     6 | D:1      | Noticed an elf
     8 | D:1      | Noticed a vine stalker
    10 | D:1      | Noticed a ghoul
    10 | D:1      | Noticed a merfolk
    12 | D:1      | Noticed a minotaur
    12 | D:1      | Noticed a demigod
    14 | D:1      | Noticed a halfling
    14 | D:1      | Noticed a vampire
    16 | D:1      | Noticed a spriggan
    18 | D:1      | Noticed a formicid
    18 | D:1      | Noticed an octopode
    20 | D:1      | Noticed a human
    20 | D:1      | Noticed a dwarf
    22 | D:1      | Noticed a draconian
    22 | D:1      | Noticed a demonspawn
    24 | D:1      | Noticed a centaur
    24 | D:1      | Noticed a troll
    26 | D:1      | Noticed a felid
   189 | D:2      | Reached skill level 1 in Stealth
   189 | D:2      | Reached XP level 2. HP: 21/28 MP: 2/2
   403 | D:3      | Reached XP level 3. HP: 20/34 MP: 3/3
   425 | D:4      | Noticed Natasha
   440 | D:4      | Killed Natasha
   440 | D:4      | Reached XP level 4. HP: 41/42 MP: 4/4
   450 | D:4      | Slain by a gnoll

Vault maps used:
D:1:      kb_arrival_jail
D:3:      regret_index_temple_of_mockery, uniq_jessica
D:4:      nicolae_dithmenos_through_a_glass_darkly, uniq_blork_the_orc,
          uniq_natasha, uniq_menkaure

Skill      XL: |  1  2  3 |
---------------+----------+-----
Stealth        | 1 2 |  2.4
Armour         | 2 |  2.1
Fighting       | |  3.4
Axes           | |  3.9
Dodging        | |  1.5

Action                   |  1- 3 |  4- 6 || total
-------------------------+-------+-------++-------
Melee: Hand axe          |    47 |     6 ||    53
Invok: Berserk           |     2 |       ||     2
 Abil: Spit Poison       |     2 |     2 ||     4
 Stab: Sleeping          |     1 |       ||     1
Armor: Animal skin       |     1 |       ||     1
       Chain mail        |     8 |     3 ||    11
Dodge: Dodged            |    16 |     6 ||    22

Table legend:
 A = Spawn XP
 B = Non-spawn XP
 C = Spawn XP percentage of total XP
 D = Spawn monster count
 E = Non-spawn monster count
 F = Spawn count percentage of total count
 G = Total turns spent on level
                    A         B        C        D         E        F      G
               +---------+---------+-------+---------+---------+-------+---------
         Total |       0 |     102 |   0.0 |       0 |      18 |   0.0 |   450
               +---------+---------+-------+---------+---------+-------+---------
           D:1 |       0 |       4 |   0.0 |       0 |       2 |   0.0 |   109
           D:2 |       0 |      27 |   0.0 |       0 |      10 |   0.0 |   273
           D:3 |       0 |       5 |   0.0 |       0 |       2 |   0.0 |    43
           D:4 |       0 |      66 |   0.0 |       0 |       4 |   0.0 |    25
               +---------+---------+-------+---------+---------+-------+---------
